 Dungeon Crawl Stone Soup version 0.26.1-2-gb8aa6d0 (webtiles) character file.

Game seed: 6890175576117346901

31997 GeorgeSoros the Nimble (level 13, -8/99 HPs)
             Began as a Gnoll Wanderer on Feb 11, 2021.
             Was an Elder of Trog.
             Mangled by a lorocyproca (12 damage)
             ... on level 3 of the Abyss.
             The game lasted 01:03:48 (19107 turns).

GeorgeSoros the Nimble (Gnoll Wanderer)            Turns: 19107, Time: 01:03:49

Health: -8/99      AC: 19    Str: 26    XL:     13   Next: 61%
Magic:  23/25      EV: 13    Int: 18    God:    Trog [****..]
Gold:   1070       SH: 17    Dex: 14    Spells: 28/28 levels left

rFire    + . .     SeeInvis .   F - +5 trident (freeze)
rCold    + + .     Faith    .   c - +0 kite shield
rNeg     . . .     Spirit   .   v - +2 chain mail {rC+}
rPois    +         Reflect  +   z - +2 hat
rElec    +         Harm     .   r - +1 cloak
rCorr    .         Rampage  .   w - +0 pair of gloves
Will     +....                  (no boots)
Stlth    +.........             E - amulet of Ixibock {Reflect rC+ Str+4 SH+5}
HPRegen  0.26/turn              M - ring "Miadgh" {*Slow rElec rF+ Will+ Str+5}
MPRegen  0.19/turn              I - ring of poison resistance

@: about to teleport, berserk cooldown, hasted and slowed
A: distributed training, fangs 1, strong nose
a: Renounce Religion, Berserk, Trog's Hand, Brothers in Arms


You were on level 3 of the Abyss.
You worshipped Trog.
Trog was greatly pleased with you.
You visited 2 branches of the dungeon, and saw 14 of its levels.
You visited the Abyss 1 time.

You collected 1070 gold pieces.

Inventory:

Hand Weapons
 F - a +5 trident of freezing (weapon)
 N - the +9 spear "Hoes" {distort, *Noise Int+9 Dex+4}
   (You found it on level 4 of the Lair of Beasts)

   It warps and distorts space around it.
   Unwielding it can cause banishment or high damage.
   It affects your intelligence (+9).
   It affects your dexterity (+4).
   It may make noises in combat.
Missiles
 p - 7 poisoned darts (quivered)
 C - 6 throwing nets
Armour
 c - a +0 kite shield (worn)
 r - a +1 cloak (worn)
 v - a +2 chain mail of cold resistance (worn)
 w - a +0 pair of gloves (worn)
 z - a +2 hat (worn)
Jewellery
 b - an uncursed ring of protection from fire
 q - an uncursed ring of willpower
 s - an uncursed ring of stealth
 B - an uncursed ring of protection from cold
 E - the amulet of Ixibock (around neck) {Reflect rC+ Str+4 SH+5}
   (You acquired it on level 1 of the Lair of Beasts)

   [amulet of reflection]

   It shields you and reflects attacks.
   It affects your strength (+4).
   It protects you from cold.
   It affects your SH (+5).
 I - a ring of poison resistance (right hand)
 M - the ring "Miadgh" (left hand) {*Slow rElec rF+ Will+ Str+5}
   (You found it on level 5 of the Lair of Beasts)

   [ring of protection from fire]

   It affects your strength (+5).
   It protects you from fire.
   It insulates you from electricity.
   It affects your willpower, your defense against some magical effects.
   It may slow you when you take damage.
Wands
 a - a wand of flame (26)
 e - a wand of iceblast (31)
 i - a wand of polymorph (11)
 m - a wand of disintegration (11)
 n - a wand of random effects (27)
 H - a wand of acid (33)
Scrolls
 d - 11 scrolls of remove curse
 j - a scroll of immolation
 u - 5 scrolls of identify
 D - 2 scrolls of magic mapping
 J - a scroll of enchant weapon
 K - a scroll of fear
Potions
 f - 2 potions of attraction
 g - 3 potions of might
 h - 4 potions of mutation
 k - 2 potions of magic
 l - 6 potions of flight
 o - 2 potions of resistance
 t - a potion of invisibility
 x - 3 potions of lignification
 A - 7 potions of curing
 G - a potion of cancellation


   Skills:
 + Level 8.4 Fighting
 + Level 8.4 Short Blades
 + Level 8.4 Long Blades
 + Level 10.6 Axes
 + Level 8.4 Maces & Flails
 + Level 8.4 Polearms
 + Level 8.4 Staves
 + Level 8.4 Slings
 + Level 8.4 Bows
 + Level 8.4 Crossbows
 + Level 8.9 Throwing
 + Level 9.6 Armour
 + Level 10.6 Dodging
 + Level 8.8 Stealth
 + Level 8.4 Shields
 + Level 8.4 Unarmed Combat
 + Level 8.4 Spellcasting
 + Level 7.0 Conjurations
 + Level 7.0 Hexes
 + Level 7.0 Summonings
 + Level 7.0 Necromancy
 + Level 7.0 Translocations
 + Level 7.0 Transmutations
 + Level 7.0 Fire Magic
 + Level 7.0 Ice Magic
 + Level 7.0 Air Magic
 + Level 7.0 Earth Magic
 + Level 7.0 Poison Magic
 + Level 9.2 Invocations
 + Level 8.4 Evocations


You had 28 spell levels left.
You didn't know any spells.
Your spell library was empty.

Dungeon Overview and Level Annotations

Branches:
Dungeon (9/15)             Temple (0/1) D:5            Lair (5/6) D:9
 Shoals (0/4) Lair:2       Spider (0/4) Lair:2        Slime (0/5) Lair:5
    Orc: D:9-12

Altars:
Fedhas
Gozag
Nemelex Xobeh
Qazlal
Ru
Trog
Uskayaw
Zin
The Shining One

Shops:
D:4 }   D:7 =

Annotations:
D:7 3 runed translucent doors, JeffreyEpstein's ghost, novice DDFi
Lair:3 2 transporters
Lair:5 1 runed translucent door, Ypehuijo's ghost, journeyman OpFi


Innate Abilities, Weirdness & Mutations

Your experience applies equally to all skills.
You have very sharp teeth.
Your uncanny sense of smell can sniff out nearby items.


Message History

Your two-headed ogre hits the ynoxinul with a +0 giant club!!
Your two-headed ogre misses the ynoxinul.
Your two-headed ogre hits the ynoxinul with a +0 giant club!!
The ynoxinul dies!
Trog accepts your kill. The blizzard demon gestures at you.
The freezing blast engulfs you! You resist.
* * * LOW HITPOINT WARNING * * *
A starcursed mass splits.
The blizzard demon gestures at you. The bolt of cold hits you! You resist.
* * * LOW HITPOINT WARNING * * *
A chaos spawn comes into view.
You feel yourself speed up.
You are engulfed in freezing vapours.
You resist.
* * * LOW HITPOINT WARNING * * *
Your two-headed ogre is engulfed in freezing vapours.
Your two-headed ogre hits the starcursed mass with a +0 giant club!!
The starcursed mass shudders and is absorbed by its neighbour.
Something hits you!
You die...

.#.# .###.. ..
..#.# ∆ ..
.###..# #.#4
#..#...### ##...#
#....#..# X...#
#.#...## #...#
###.###.☼##O....#
# #.#...☼☼X#..#
.#.##..#{@☼...# .
...# ##.☼####..#
..#.#..#2#○#
####.#...##. ..
#.# . # ...... .
... . ##


You could see 2 starcursed masses, a blizzard demon, a chaos spawn and a
friendly two-headed ogre (summoned, berserk).

Vanquished Creatures
  Gastronok (Lair:3)
  Harold (Lair:1)
  3 hydras (Lair:5)
  2 catoblepae
  Erica (Lair:2)
  3 two-headed ogres
  6 death yaks
  An orb spider (Lair:2)
  A deep elf mage (D:8)
  7 cane toads
  3 black mambas
  A rime drake (Lair:2)
  7 komodo dragons
  A polar bear (Lair:4)
  Prince Ribbit (Lair:1)
  16 blink frogs
  5 wyverns
  2 basilisks
  17 yaks
  Menkaure (D:4)
  14 water moccasins
  Duvessa (D:6)
  An orc warrior (D:8)
  2 sky beasts
  An eye of draining (D:9)
  6 necrophages
  2 starcursed masses (Abyss:3)
  A phantom (D:9)
  2 centaurs
  12 wolves
  6 ogres
  2 big kobolds (D:9)
  12 bullfrogs
  A gnoll sergeant (D:9)
  Dowan (D:6)
  5 scorpions
  3 killer bees (D:8)
  A water moccasin skeleton (D:4)
  4 wights (D:8)
  An electric eel (Lair:2)
  2 centaur zombies
  4 hounds
  A bullfrog zombie (D:9)
  4 bullfrog skeletons (D:5)
  4 orc wizards
  3 iguanas
  7 worker ants
  A howler monkey skeleton (D:7)
  2 worker ant zombies (D:9)
  17 gnolls
  11 adders
  A shadow imp (D:9)
  4 white imps
  2 ufetubi
  2 adder zombies (D:2)
  3 adder skeletons
  A worm (D:4)
  4 dart slugs
  9 leopard geckos
  23 orcs
  8 bats
  2 bat skeletons (D:2)
  2 giant cockroaches
  14 goblins
  4 hobgoblins
  3 jackals (D:7)
  4 quokkas
  A frilled lizard (D:4)
  A jackal skeleton (D:6)
  9 kobolds
  2 leopard gecko skeletons
  A leopard gecko zombie (D:6)
  2 quokka skeletons
  10 rats
  A lurking horror (Abyss:3)
327 creatures vanquished.

Vanquished Creatures (collateral kills)
  A ynoxinul (Abyss:3)
  An eye of draining (Abyss:3)
  2 starcursed masses (Abyss:3)
4 creatures vanquished.

Vanquished Creatures (others)
  2 bushes (D:9)
  22 fungi
  43 plants
  4 withered plants
71 creatures vanquished.

Grand Total: 402 creatures vanquished

Notes
Turn   | Place    | Note
-------+----------+-------------------------------------------
     0 | D:1      | GeorgeSoros the Gnoll Wanderer began the quest for the Orb.
     0 | D:1      | GeorgeSoros set off with the following items: a +0 short
                  | sword, a +2 leather armour, a +0 ring mail
     0 | D:1      | Reached XP level 1. HP: 13/13 MP: 1/1
   295 | D:1      | Reached XP level 2. HP: 20/20 MP: 2/2
   922 | D:2      | Reached XP level 3. HP: 25/25 MP: 3/3
  1121 | D:2      | Noticed a +0 dagger
  1124 | D:2      | Noticed a +0 dagger
  1255 | D:2      | Reached skill level 1 in Invocations
  1326 | D:2      | Found a hide-covered altar of Uskayaw.
  1551 | D:2      | Reached skill level 1 in Fighting
  1551 | D:2      | Reached skill level 1 in Short Blades
  1551 | D:2      | Reached skill level 1 in Long Blades
  1551 | D:2      | Reached skill level 1 in Maces & Flails
  1551 | D:2      | Reached skill level 1 in Polearms
  1551 | D:2      | Reached skill level 1 in Staves
  1551 | D:2      | Reached skill level 1 in Slings
  1551 | D:2      | Reached skill level 1 in Bows
  1551 | D:2      | Reached skill level 1 in Crossbows
  1551 | D:2      | Reached skill level 1 in Shields
  1551 | D:2      | Reached skill level 1 in Unarmed Combat
  1551 | D:2      | Reached skill level 1 in Spellcasting
  1551 | D:2      | Reached skill level 1 in Evocations
  1551 | D:2      | Reached XP level 4. HP: 17/32 MP: 5/5
  1799 | D:2      | Reached skill level 1 in Conjurations
  1799 | D:2      | Reached skill level 1 in Hexes
  1799 | D:2      | Reached skill level 1 in Summonings
  1799 | D:2      | Reached skill level 1 in Necromancy
  1799 | D:2      | Reached skill level 1 in Translocations
  1799 | D:2      | Reached skill level 1 in Transmutations
  1799 | D:2      | Reached skill level 1 in Fire Magic
  1799 | D:2      | Reached skill level 1 in Ice Magic
  1799 | D:2      | Reached skill level 1 in Air Magic
  1799 | D:2      | Reached skill level 1 in Earth Magic
  1799 | D:2      | Reached skill level 1 in Poison Magic
  2185 | D:3      | Found a faded altar of an unknown god.
  2188 | D:3      | Became a worshipper of Trog the Wrathful
  2188 | D:3      | Reached * piety under Trog
  2470 | D:3      | Reached XP level 5. HP: 22/37 MP: 6/6
  2890 | D:3      | Noticed an ogre
  2910 | D:3      | Killed an ogre
  2911 | D:3      | Reached XP level 6. HP: 31/44 MP: 8/8
  3166 | D:3      | Found a sparkling altar of Nemelex Xobeh.
  3303 | D:3      | Reached ** piety under Trog
  3357 | D:4      | Found Qaecroxiq's Gadget Boutique.
  3478 | D:4      | Reached skill level 5 in Armour
  3591 | D:4      | Noticed Menkaure
  3593 | D:4      | Killed Menkaure
  3594 | D:4      | Reached XP level 7. HP: 50/50 MP: 10/10
  4282 | D:5      | Entered Level 5 of the Dungeon
  4795 | D:5      | Found a glowing silver altar of Zin.
  4796 | D:5      | Noticed an angel
  4912 | D:5      | Found a staircase to the Ecumenical Temple.
  4969 | D:5      | Reached XP level 8. HP: 32/57 MP: 12/12
  5786 | D:6      | Noticed Duvessa
  5788 | D:6      | Noticed Dowan
  5853 | D:6      | Found a stormy altar of Qazlal.
  5883 | D:6      | Found an opulent altar of Gozag.
  5944 | D:6      | Reached *** piety under Trog
  6259 | D:6      | Killed Duvessa
  6269 | D:6      | Killed Dowan
  6617 | D:6      | Reached XP level 9. HP: 62/65 MP: 14/14
  6851 | D:7      | Found Xat Ynin's Jewellery Emporium.
  7228 | D:7      | Noticed JeffreyEpstein's ghost (novice DDFi)
  7248 | D:7      | Found a runed translucent gate.
  7248 | D:7      | Found a runed translucent gate.
  7248 | D:7      | Found a runed translucent gate.
  7432 | D:7      | Reached **** piety under Trog
  7841 | D:8      | Reached skill level 5 in Throwing
  8011 | D:8      | Reached skill level 5 in Stealth
  8229 | D:8      | Noticed a deep elf mage
  8251 | D:8      | Killed a deep elf mage
  8252 | D:8      | Reached skill level 5 in Invocations
  8435 | D:8      | Found a sacrificial altar of Ru.
  8529 | D:8      | Reached XP level 10. HP: 70/73 MP: 17/17
  8566 | D:8      | Found a glowing golden altar of the Shining One.
  8735 | D:8      | Noticed a two-headed ogre
  8740 | D:8      | Killed a two-headed ogre
  8741 | D:8      | Reached skill level 5 in Fighting
  8741 | D:8      | Reached skill level 5 in Short Blades
  8741 | D:8      | Reached skill level 5 in Long Blades
  8741 | D:8      | Reached skill level 5 in Maces & Flails
  8741 | D:8      | Reached skill level 5 in Polearms
  8741 | D:8      | Reached skill level 5 in Staves
  8741 | D:8      | Reached skill level 5 in Slings
  8741 | D:8      | Reached skill level 5 in Bows
  8741 | D:8      | Reached skill level 5 in Crossbows
  8741 | D:8      | Reached skill level 5 in Shields
  8741 | D:8      | Reached skill level 5 in Unarmed Combat
  8741 | D:8      | Reached skill level 5 in Spellcasting
  8741 | D:8      | Reached skill level 5 in Evocations
  9086 | D:9      | Found a staircase to the Lair.
  9316 | D:9      | Found a blossoming altar of Fedhas.
  9913 | D:9      | Noticed a two-headed ogre
  9927 | D:9      | Killed a two-headed ogre
 10110 | D:9      | Noticed a two-headed ogre
 10119 | D:9      | Killed a two-headed ogre
 10225 | D:9      | Reached XP level 11. HP: 69/81 MP: 19/19
 10339 | Lair:1   | Entered Level 1 of the Lair of Beasts
 10662 | Lair:1   | Noticed Prince Ribbit
 10669 | Lair:1   | Killed Prince Ribbit
 10683 | Lair:1   | Reached skill level 5 in Conjurations
 10683 | Lair:1   | Reached skill level 5 in Hexes
 10683 | Lair:1   | Reached skill level 5 in Summonings
 10683 | Lair:1   | Reached skill level 5 in Necromancy
 10683 | Lair:1   | Reached skill level 5 in Translocations
 10683 | Lair:1   | Reached skill level 5 in Transmutations
 10683 | Lair:1   | Reached skill level 5 in Fire Magic
 10683 | Lair:1   | Reached skill level 5 in Ice Magic
 10683 | Lair:1   | Reached skill level 5 in Air Magic
 10683 | Lair:1   | Reached skill level 5 in Earth Magic
 10683 | Lair:1   | Reached skill level 5 in Poison Magic
 11010 | Lair:1   | Noticed Harold
 11522 | Lair:1   | Killed Harold
 12173 | Lair:1   | Identified a scroll of acquirement
 12173 | Lair:1   | Acquired the amulet of Ixibock {Reflect rC+ Str+4 SH+5}
 12608 | Lair:2   | Found the +9 staff of Wucad Mu {*channel}
 12608 | Lair:2   | Noticed Erica
 12835 | Lair:2   | Killed Erica
 13252 | Lair:2   | Noticed a death yak
 13362 | Lair:2   | Noticed a death yak
 13362 | Lair:2   | Noticed a death yak
 13371 | Lair:2   | Noticed a death yak
 13382 | Lair:1   | Killed a death yak
 13420 | Lair:2   | Noticed a death yak
 13421 | Lair:2   | Noticed a death yak
 13454 | Lair:1   | Killed a death yak
 13455 | Lair:1   | Reached XP level 12. HP: 89/89 MP: 22/22
 13464 | Lair:1   | Killed a death yak
 14021 | Lair:2   | Found a staircase to the Shoals.
 14349 | Lair:2   | Killed a death yak
 14356 | Lair:2   | Killed a death yak
 14369 | Lair:2   | Killed a death yak
 14752 | Lair:2   | Reached skill level 10 in Axes
 14752 | Lair:2   | Reached skill level 10 in Dodging
 15041 | Lair:2   | Found a hole to the Spider Nest.
 15827 | Lair:3   | Found a transporter.
 16048 | Lair:3   | Found a transporter.
 16050 | Lair:3   | Found the +11 plutonium sword {*Contam Stlth-}
 16511 | Lair:3   | Noticed a catoblepas
 16535 | Lair:3   | Killed a catoblepas
 16536 | Lair:3   | Reached XP level 13. HP: 98/98 MP: 24/24
 16828 | Lair:3   | Noticed Gastronok
 16853 | Lair:3   | Killed Gastronok
 18228 | Lair:5   | Found a runed translucent door.
 18229 | Lair:5   | Noticed Ypehuijo's ghost (journeyman OpFi)
 18245 | Lair:5   | Got a wavering turquoise ring
 18247 | Lair:5   | Identified the ring "Miadgh" {*Slow rElec rF+ Will+ Str+5}
                  | (You found it on level 5 of the Lair of Beasts)
 18557 | Lair:5   | Found a staircase to the Slime Pits.
 18812 | Lair:5   | Reached ***** piety under Trog
 19018 | Lair:4   | Got a dazzling spear
 19020 | Lair:4   | Identified the +9 spear "Hoes" {distort, *Noise Int+9
                  | Dex+4} (You found it on level 4 of the Lair of Beasts)
 19021 | Lair:4   | Cast into level 3 of the Abyss (unwielding a weapon of
                  | distortion)
 19087 | Abyss:3  | Noticed a starcursed mass
 19100 | Abyss:3  | Killed a starcursed mass
 19103 | Abyss:3  | Noticed a blizzard demon
 19104 | Abyss:3  | Noticed a starcursed mass
 19107 | Abyss:3  | HP: 4/99 [blizzard demon] (6)]
 19107 | Abyss:3  | Mangled by a lorocyproca

Illustrated notes

Levels and vault maps discovered:
D:1:      nicolae_arrival_washed_ashore, layout_loops_ring
D:2:      layout_rooms, dancing_weapons_uskayaw, serial_undead, serial_undead_f,
          serial_undead_c, serial_undead_c, serial_undead_f, serial_undead_d,
          serial_undead_f, minmay_hedge_maze
D:3:      layout_loops_ring, general_overflow_altar,
          chequers_ecumenical_altar_simple, minmay_ogre_servants
D:4:      layout_rooms, serial_aquarium, aquarium_bridge_straight
          [aquarium_subvault_bridge, aquarium_subvault_window,
          aquarium_subvault_bridge, aquarium_subvault_window],
          aquarium_bridge_straight [aquarium_subvault_bridge,
          aquarium_subvault_wall, aquarium_subvault_bridge,
          aquarium_subvault_window], aquarium_window_1, aquarium_window_fake,
          aquarium_view_2b, aquarium_balcony_5a, aquarium_pool_side,
          serial_shops, shop_fountains, uniq_menkaure
D:5:      layout_basic, zin_angel, minmay_temple_entry_butterflies
D:6:      layout_cave_pools, nicolae_gozag_cash_rules_everything_around_me,
          basic_altar, uniq_duvessa
D:7:      layout_basic, gammafunk_ghost_icy, serial_shops, shop
D:8:      cheibrodos_barr_body, layout_loops_cross,
          nicolae_ru_the_path_less_chosen, nicolae_overflow_hidden_temple
D:9:      layout_roguey, dpeg_oklobed_lair, fedhas_altar_decomposition
Lair:1:   layout_cave_pods, uniq_prince_ribbit2, uniq_harold
Lair:2:   layout_cellular_growth, elwin_shoals_entry_rocks,
          nicolae_spider_entry_orb_guardian, grunt_megastairs_3,
          serial_bayou_shore_a, uniq_erica
Lair:3:   gammafunk_cloud_chamber, layout_regular_city, uniq_gastronok
Lair:4:   layout_long_grid, kennysheep_catoblepas_arena, grunt_megastairs_2,
          lemuel_fruit_fields
Lair:5:   layout_concentric_octagons, slime_dummy, gammafunk_ghost_grave,
          minivault_23
Abyss:3:  base: D:1, evilmike_abyss_exit_kraken

Skill      XL: |  1  2  3  4  5  6  7  8  9 10 11 12 13 |
---------------+----------------------------------------+-----
Invocations    | 1 2 3 4 5 6 7 8 9 |  9.2
Fighting       | 1 2 3 4 5 6 7 8 |  8.4
Short Blades   | 1 2 3 4 5 6 7 8 |  8.4
Long Blades    | 1 2 3 4 5 6 7 8 |  8.4
Maces & Flails | 1 2 3 4 5 6 7 8 |  8.4
Polearms       | 1 2 3 4 5 6 7 8 |  8.4
Staves         | 1 2 3 4 5 6 7 8 |  8.4
Slings         | 1 2 3 4 5 6 7 8 |  8.4
Bows           | 1 2 3 4 5 6 7 8 |  8.4
Crossbows      | 1 2 3 4 5 6 7 8 |  8.4
Shields        | 1 2 3 4 5 6 7 8 |  8.4
Unarmed Combat | 1 2 3 4 5 6 7 8 |  8.4
Spellcasting   | 1 2 3 4 5 6 7 8 |  8.4
Evocations     | 1 2 3 4 5 6 7 8 |  8.4
Conjurations   | 1 2 3 4 5 6 7 |  7.0
Hexes          | 1 2 3 4 5 6 7 |  7.0
Summonings     | 1 2 3 4 5 6 7 |  7.0
Necromancy     | 1 2 3 4 5 6 7 |  7.0
Translocations | 1 2 3 4 5 6 7 |  7.0
Transmutations | 1 2 3 4 5 6 7 |  7.0
Fire Magic     | 1 2 3 4 5 6 7 |  7.0
Ice Magic      | 1 2 3 4 5 6 7 |  7.0
Air Magic      | 1 2 3 4 5 6 7 |  7.0
Earth Magic    | 1 2 3 4 5 6 7 |  7.0
Poison Magic   | 1 2 3 4 5 6 7 |  7.0
Throwing       | 3 4 5 6 7 8 |  8.9
Stealth        | 3 4 5 6 7 8 |  8.8
Armour         | 5 6 7 8 9 |  9.6
Axes           | 7 8 9 10 | 10.6
Dodging        | 7 8 9 10 | 10.6

Action                   |  1- 3 |  4- 6 |  7- 9 | 10-12 | 13-15 || total
-------------------------+-------+-------+-------+-------+-------++-------
Melee: Short sword       |    37 |       |       |       |       ||    37
       Spear             |   110 |    35 |       |       |       ||   145
       Bite              |    10 |    18 |    48 |    92 |    31 ||   199
       Trident           |       |   125 |   569 |   731 |   222 ||  1647
Throw: Throwing net      |       |       |     1 |       |       ||     1
       Dart              |       |       |       |     1 |       ||     1
Invok: Berserk           |       |     2 |    11 |    17 |     6 ||    36
       Trog's Hand       |       |       |     3 |    10 |     2 ||    15
       Brothers in Arms  |       |       |       |       |     1 ||     1
Evoke: Wand              |     1 |     5 |     1 |     2 |       ||     9
  Use: Scroll            |       |     7 |    13 |    10 |     4 ||    34
       Potion            |       |       |     2 |     3 |     2 ||     7
 Stab: Sleeping          |     4 |     6 |       |       |       ||    10
       Held in net/web   |       |       |     1 |       |       ||     1
       Petrified         |       |       |       |       |     3 ||     3
Armor: Leather armour    |    37 |    49 |     2 |       |       ||    88
       Chain mail        |       |       |   203 |   198 |    57 ||   458
       Plate armour      |       |       |   107 |       |       ||   107
Dodge: Dodged            |    63 |    94 |   164 |   194 |    59 ||   574
Block: Kite shield       |    43 |    64 |   274 |   355 |   144 ||   880
       Reflection        |       |       |       |     1 |       ||     1
